 Dungeon Crawl Stone Soup version 0.27-a0-1228-gfd60fd639a (webtiles) character file.

Game seed: 12442249209275781541

67 thriggle the Magician (level 4, -1/32 HPs)
             Began as a Djinni Wanderer on June 8, 2021.
             Was a Believer of Wu Jian.
             Slain by a white imp (2 damage)
             ... summoned by Natasha
             ... on level 2 of the Dungeon.
             The game lasted 00:07:06 (1494 turns).

thriggle the Magician (Djinni Wanderer)             Turns: 1494, Time: 00:07:07

Health: -1/32      AC:  5    Str: 10    XL:     4   Next: 38%
Gold:   127        EV: 10    Int: 15    God:    Wu Jian [**....] SH:  0 Dex: 13

rFire    + + .     SeeInvis .   a - +2 dagger
rCold    x . .     Faith    .   (no shield)
rNeg     . . .     Spirit   .   c - +0 ring mail
rPois    ∞         Reflect  .   (no helmet)
rElec    .         Harm     .   (no cloak)
rCorr    .         Rampage  .   (no gloves)
Will     .....                  (boots unavailable)
Stlth    +.........             (no amulet)
HPRegen  0.10/turn              (no ring)
MPRegen  0.00/turn              (no ring)

@: flying, slowed, very slow
A: sickness immunity, fire resistance 2, cold vulnerability 1, float, innate
caster, hp casting, extra vitality 1
a: Renounce Religion, Wall Jump


You were on level 2 of the Dungeon.
You worshipped Wu Jian.
Wu Jian was pleased with you.
You visited 1 branch of the dungeon, and saw 2 of its levels.

You collected 127 gold pieces.

Inventory:

Hand Weapons
 a - a +2 dagger (weapon)
 d - a +0 hand crossbow
Missiles
 e - 25 bolts
Armour
 c - a +0 ring mail (worn)
Jewellery
 j - a ring of poison resistance
Scrolls
 b - 2 scrolls of fear
 f - a scroll of silence {unknown}
 h - a scroll of amnesia {unknown}
Potions
 g - a potion of haste {unknown}
 i - a potion of invisibility {unknown}


   Skills:
 + Level 1.5 Fighting
 - Level 0.2 Short Blades
 + Level 1.1 Crossbows
 + Level 1.6 Armour
 + Level 1.0 Dodging
 + Level 1.4 Stealth
 + Level 1.0 Shields
 + Level 0.6 Unarmed Combat
 + Level 4.2 Spellcasting
 + Level 1.4 Evocations


You had 10 spell levels left.
You knew the following spells:

 Your Spells              Type           Power      Damage    Failure   Level
a - Beastly Appendage     Tmut           30%        N/A       8%          1
Your spell library was empty.

Dungeon Overview and Level Annotations

Branches:
Dungeon (2/15)

Altars:
Wu Jian

Annotations:
D:2 Natasha


Innate Abilities, Weirdness & Mutations

You are immune to sickness and miasma.
You are immune to poison.
Your flesh is very heat resistant. (rF++)
You are vulnerable to cold. (rC-)
You float through the air rather than walking.
You learn spells naturally, not from books.
Your magical power is your life essence.
You have superior vitality. (+4 HP)


Message History

You spin and attack Natasha.
You closely miss Natasha.
Natasha is heavily wounded.
Natasha casts a spell at you. The magic dart hits you!
* * * LOW HITPOINT WARNING * * *
You hit Natasha.
Natasha is severely wounded.
Natasha claws you.
* * * LOW HITPOINT WARNING * * *
The white imp gestures at you. The puff of frost misses you.
Aiming: Wall Jump
Press: ? - help, Dir - move target
Okay, then.
You hit Natasha but do no damage.
Natasha is severely wounded.
Natasha closely misses you. The white imp gestures at you.
The puff of frost hits you.
You feel a terrible chill!
* * * LOW HITPOINT WARNING * * *
The crimson imp summons a swarm of flies.
The crimson imp closely misses you.
You hit Natasha.
Natasha is severely wounded.
Natasha misses you.
The white imp hits you but does no damage.
The crimson imp blinks!
Unknown command.
You closely miss Natasha.
Natasha is severely wounded.
Natasha mumbles some strange words.
Natasha's front paws start to glow.
Natasha closely misses you. The white imp gestures at you.
The puff of frost misses you.
You hit Natasha but do no damage.
Natasha is severely wounded.
Natasha stares at you and mumbles some strange words.
You feel yourself slow down. The white imp hits you.
You die...

.......>....)......
..#.#..########.## .
#.#.............
#.......###...## #
######...........< #.
#..............### #.##
#.####.......†[... ...
#.#.....####......
###.#.####@#.#.....##......
+.....)..5h§.....#.##..####
###.#.####.#.#...#.##......
#......#.#...#.##.####.
..............#.##.# #.
#..........#.#...#.##.# #.
#..................##.# #.
#.............#..####.# #.
+........#....#.......# #.


You could see Natasha and a white imp (summoned).

Vanquished Creatures
  Natasha (D:2)
  An adder (D:2)
  A dart slug (D:1)
  4 endoplasms
  A giant cockroach (D:2)
  2 goblins
  2 hobgoblins
  2 jackals (D:2)
  5 kobolds
  6 ball pythons
  2 bats (D:2)
  2 frilled lizards
29 creatures vanquished.

Vanquished Creatures (others)
  2 plants (D:1)
  3 withered plants (D:1)
5 creatures vanquished.

Grand Total: 34 creatures vanquished

Notes
Turn   | Place    | Note
-------+----------+-------------------------------------------
     0 | D:1      | thriggle the Djinni Wanderer began the quest for the Orb.
     0 | D:1      | Reached XP level 1. HP: 17/17 MP: 0/0
   259 | D:1      | Reached XP level 2. HP: 22/22 MP: 0/0
   549 | D:1      | Found a faded altar of an unknown god.
   813 | D:1      | Became a worshipper of the Wu Jian Council
   813 | D:1      | Reached * piety under Wu Jian
  1042 | D:2      | Reached XP level 3. HP: 27/27 MP: 0/0
  1042 | D:2      | Learned a level 1 spell: Beastly Appendage
  1146 | D:2      | Noticed Natasha
  1182 | D:2      | Killed Natasha
  1183 | D:2      | Reached skill level 1 in Dodging
  1183 | D:2      | Reached XP level 4. HP: 22/32 MP: 0/0
  1366 | D:2      | Reached skill level 1 in Shields
  1452 | D:2      | Reached ** piety under Wu Jian
  1478 | D:2      | Noticed Natasha
  1491 | D:2      | HP: 1/32 [white imp/puff of frost[Natasha] (3)]
  1494 | D:2      | Slain by a white imp

Illustrated notes

Levels and vault maps discovered:
D:1:      roderic_chinese_lattice_arrival, layout_basic,
          shapermc_ecumenical_altar_flowoftime, hex_intersection
D:2:      layout_basic, uniq_natasha

Skill      XL: |  1  2  3  4 |
---------------+-------------+-----
Dodging        | 1 |  1.0
Shields        | 1 |  1.0
Fighting       | |  1.5
Short Blades   | |  0.2
Crossbows      | |  1.1
Armour         | |  1.6
Stealth        | |  1.4
Unarmed Combat | |  0.6
Spellcasting   | |  4.2
Evocations     | |  1.4

Action                   |  1- 3 |  4- 6 || total
-------------------------+-------+-------++-------
Melee: Dagger            |    66 |    32 ||    98
       Headbutt          |     3 |       ||     3
 Fire: Hand crossbow     |    27 |     2 ||    29
 Cast: Beastly Appendage |     2 |       ||     2
Invok: Whirlwind         |     3 |    10 ||    13
       Lunge             |     1 |     2 ||     3
Armor: Ring mail         |    23 |    12 ||    35
Dodge: Dodged            |    28 |    19 ||    47

Table legend: (Time is in decaauts)
 A = Elapsed time spent in this place.
 B = Non-inter-level travel time spent in this place.
 C = Inter-level travel time spent in this place.
 D = Time resting spent in this place.
 E = Time spent auto-exploring this place.
 F = Levels seen in this place.
 G = Mean time per level.
                   A        B        C        D        E       F      G
               +--------+--------+--------+--------+--------+-----+--------+
         Total |   1497 |   1456 |     41 |      0 |   1057 |   2 |  748.5 |
       Dungeon |   1497 |   1456 |     41 |      0 |   1057 |   2 |  748.5 |
               +--------+--------+--------+--------+--------+-----+--------+

Top non-repeatable levels by time:
     D:1: 859 daAuts
     D:2: 637 daAuts
